Map: [ESL] Stargazers

Players

Maru - Winner!

  • Race: Terran Terran
  • Spawn Location: 1:00

herO

  • Race: Protoss Protoss
  • Spawn Location: 11:00

Event: DreamHack SC2 Masters 2022 Atlanta (Offline)

VOD

Have the link to the VOD?

Description

Time

  • Played on: Nov. 20, 2022, 1:57 p.m.
  • Length: 16:57

All games in this series

Show
View Real Time Build Order
Export as new Build Order

Maru Terran - Winner!

Build Orders: Cyclone Opening 

Get SALT Encoding   

  12  0:00  SCV  
  13  0:12  SCV  
  14  0:17  Supply Depot  
  14  0:24  SCV  
  15  0:38  SCV  
  15  0:39  Barracks  
  16  0:42  Refinery  
  16  0:50  SCV  
  16  0:52  Refinery  
  17  1:03  SCV  
  18  1:15  SCV  
  19  1:27  Reaper, Orbital Command  
  19  1:28  Supply Depot  
  20  1:42  Factory  
  20  1:52  SCV  
  21  2:00  Barracks Reactor  
  21  2:04  SCV  
  22  2:15  Command Center  
  22  2:18  SCV  
  23  2:27  Factory Tech Lab  
  23  2:30  SCV  
  23  2:33  Starport  
  24  2:39  Marine  
  24  2:43  SCV  
  27  2:47  Supply Depot  
  26  2:53  Cyclone  
  26  2:55  SCV  
  30  2:59  Marine  
  31  3:09  SCV  
  31  3:10  Marine  
  32  3:17  Marine  
  33  3:24  SCV  
  34  3:28  Marine  
  34  3:29  Banshee, Cloaking Field  
  38  3:35  Factory Tech Lab, Marine  
  38  3:40  SCV  
  40  3:44  Orbital Command  
  40  3:46  Marine  
  41  3:53  Marine  
  41  3:55  Siege Tank  
  45  3:59  Bunker  
  45  4:02  Supply Depot  
  45  4:06  SCV  
  46  4:10  SCV  
  46  4:15  Banshee  
  50  4:18  SCV  
  50  4:22  SCV  
  52  4:30  Supply Depot, SCV  
  53  4:32  Siege Tank  
  53  4:34  SCV  
  57  4:41  Marine x2  
  57  4:42  SCV  
  60  4:47  SCV  
  60  4:48  Refinery  
  61  4:53  Supply Depot  
  61  4:54  SCV  
  61  4:56  Barracks  
  61  4:59  SCV  
  63  5:06  SCV  
  67  5:09  Engineering Bay  
  67  5:11  SCV  
  67  5:14  Raven  
  67  5:18  SCV  
  68  5:23  SCV  
  68  5:26  Command Center  
  69  5:30  SCV  
  69  5:35  SCV  
  68  5:36  Engineering Bay  
  68  5:37  Marine  
  68  5:38  Refinery, Marine  
  68  5:42  Siege Tank  
  73  5:43  SCV  
  73  5:47  Barracks  
  73  5:49  SCV  
  75  5:56  SCV  
  76  5:57  Supply Depot  
  76  6:03  Terran Infantry Armor Level 1, Terran Infantry Weapons Level 1  
  76  6:05  Stimpack  
  76  6:06  SCV  
  76  6:08  Supply Depot, Marine  
  78  6:20  SCV  
  78  6:22  Barracks  
  78  6:23  Barracks  
  78  6:24  Marine x2  
  81  6:26  Marine, Factory Reactor  
  81  6:28  SCV  
  83  6:35  Starport Reactor  
  83  6:38  SCV  
  83  6:39  Orbital Command  
  84  6:41  SCV, Combat Shield  
  84  6:42  Marauder  
  84  6:43  Marauder, Marine  
  90  6:52  SCV  
  90  6:53  SCV  
  92  6:56  Marine  
  92  7:00  Supply Depot  
  92  7:01  Marine  
  93  7:03  Widow Mine x2  
  93  7:04  SCV, Marauder  
  93  7:05  Marauder  
  93  7:06  Orbital Command  
  103  7:08  Supply Depot  
  103  7:13  SCV  
  104  7:18  Medivac x2  
  104  7:19  SCV  
  104  7:20  Armory  
  104  7:21  Barracks Reactor, Barracks Tech Lab  
  104  7:22  Marine  
  107  7:25  SCV  
  105  7:31  SCV  
  105  7:33  SCV  
  105  7:35  Widow Mine x2  
  105  7:36  Missile Turret  
  111  7:38  SCV  
  111  7:43  Marauder, Marine x3  
  117  7:46  SCV  
  117  7:47  SCV, Missile Turret, Concussive Shells  
  117  7:48  Marine  
  117  7:51  Supply Depot  
  120  7:54  Supply Depot  
  120  7:59  Supply Depot  
  120  8:00  SCV x3, Marine  
  122  8:09  Marauder, Marine  
  122  8:12  SCV x3, Marauder, Marine  
  131  8:13  Medivac  
  131  8:15  Medivac  
  131  8:18  Widow Mine x2  
  138  8:20  Refinery  
  138  8:21  Refinery  
  138  8:23  Terran Infantry Weapons Level 2  
  137  8:33  SCV x2  
  136  8:36  Terran Infantry Armor Level 2  
  136  8:40  SCV  
  137  8:43  Missile Turret, Medivac  
  137  8:45  SCV  
  137  8:46  Medivac  
  137  8:47  Marine  
  137  8:48  Marauder  
  145  8:50  Command Center  
  145  8:51  Marine  
  145  8:52  Marauder x2  
  149  8:59  Marine  
  146  9:07  SCV x3  
  146  9:08  Barracks x2  
  146  9:09  Barracks  
  146  9:13  Medivac  
  146  9:15  Marine  
  149  9:18  Marine  
  149  9:19  Marauder  
  149  9:20  SCV  
  149  9:22  Marauder  
  149  9:24  SCV  
  148  9:25  Marine x2  
  148  9:26  Marauder  
  148  9:31  SCV  
  142  9:33  SCV  
  142  9:36  SCV, Marine x2  
  141  9:40  Marauder  
  141  9:43  SCV, Marauder  
  141  9:44  Viking  
  141  9:45  SCV  
  146  9:48  Marauder  
  146  9:50  Viking  
  149  9:54  Supply Depot  
  149  9:55  Marine  
  149  9:57  SCV x2  
  149  10:01  Marauder, Marine  
  149  10:04  Marauder  
  154  10:08  Widow Mine x2  
  156  10:14  Viking  
  156  10:17  Barracks Reactor, Barracks Tech Lab x2  
  156  10:18  Supply Depot  
  156  10:19  Supply Depot  
  158  10:22  Marauder, Marine  
  158  10:24  Viking  
  154  10:29  Widow Mine x2  
  154  10:31  SCV  
  159  10:36  Marauder  
  159  10:37  Marauder  
  159  10:38  Planetary Fortress  
  163  10:44  Viking  
  161  10:50  Widow Mine, Marine x2  
  161  10:51  Marauder x2  
  161  10:53  SCV  
  161  10:54  Viking  
  161  10:55  SCV x2, Marine  
  154  11:02  Marauder, Marine  
  142  11:04  Marine  
  142  11:05  SCV, Marauder  
  146  11:13  Ghost Academy  
  146  11:14  Viking  
  146  11:15  Missile Turret, Marine x3  
  149  11:21  SCV x3  
  149  11:24  Terran Ship Weapons Level 1  
  152  11:26  Marauder, Marine  
  153  11:33  Missile Turret  
  153  11:34  Viking  
  155  11:44  Viking  
  155  11:45  Ghost x4  
  155  11:46  Marine  
  166  11:48  Marauder  
  162  11:59  Marine x2  
  162  12:05  Widow Mine x2  
  166  12:08  Ghost  
  166  12:11  Enhanced Shockwaves  
  166  12:14  Ghost x2  
  166  12:15  Marauder x2  
  176  12:18  Missile Turret  
  176  12:26  Marine x4  
  176  12:35  Ghost x2  
  176  12:37  Command Center, Marauder  
  176  12:41  Terran Infantry Weapons Level 3  
  176  12:43  Marauder x2  
  176  12:47  Marine x2  
  176  12:48  Marine  
  179  12:51  Marine  
  179  12:52  Marine  
  179  12:55  Refinery x2  
  179  12:58  Marine  
  181  12:59  Marauder  
  181  13:04  Marauder x2, Marine  
  181  13:05  Marauder, Marine  
  191  13:08  Terran Infantry Armor Level 3, Marine  
  193  13:13  Widow Mine  
  195  13:24  Widow Mine, Marauder x2  
  192  13:27  Ghost x2  
  192  13:32  Marine x2  
  192  13:33  Marauder, Marine  
  190  13:39  Medivac x2  
  194  13:43  Command Center  
  194  13:45  Marauder  
  194  13:47  Widow Mine x2  
  180  13:53  Marauder, Marine x2  
  180  13:54  Marauder  
  184  14:08  Widow Mine x2  
  184  14:09  Medivac  
  190  14:15  Marine  
  190  14:16  Medivac, Marauder, Marine  
  194  14:18  Planetary Fortress  
  194  14:29  Missile Turret  
  194  14:30  Widow Mine x2  
  196  14:34  Marine  
  196  14:39  Medivac  
  176  14:46  Medivac  
  176  14:52  Widow Mine x2  
  161  14:56  Marauder x2, Marine x6  
  161  14:57  Marauder x3  
  175  15:14  Widow Mine x2  
  178  15:17  Ghost  
  178  15:18  Marauder  
  178  15:20  Liberator x2  
  185  15:21  Ghost x3  
  185  15:22  Marine x4  
  195  15:34  Marine  
  195  15:35  Marine  
  197  15:39  Marauder, Marine  
  200  15:51  Marauder, Marine  
  194  15:58  Marine x4  
  194  15:59  Marauder x3  
  195  16:09  Command Center, Orbital Command  
  195  16:30  Marine  
Show
View Real Time Build Order
Export as new Build Order

herO Protoss 

Build Orders: 1 Gate Expand, Blink Stalkers, Dark Templar Rush 

Get SALT Encoding   

  12  0:00  Probe  
  13  0:12  Probe  
  14  0:17  Pylon  
  14  0:24  Probe  
  15  0:36  Gateway, Probe (Chrono Boost)  
  15  0:42  Assimilator  
  16  0:48  Probe (Chrono Boost)  
  17  0:53  Probe (Chrono Boost)  
  18  1:02  Probe  
  19  1:15  Probe  
  20  1:23  Cybernetics Core  
  20  1:32  Nexus  
  20  1:39  Pylon  
  20  1:42  Probe  
  20  1:46  Assimilator  
  21  1:54  Probe  
  22  1:56  Adept (Chrono Boost)  
  22  2:00  Warp Gate  
  24  2:06  Probe  
  25  2:16  Twilight Council  
  25  2:19  Adept  
  25  2:22  Probe  
  27  2:34  Probe  
  28  2:44  Probe  
  28  2:47  Probe, Blink (Chrono Boost)  
  28  2:49  Stalker  
  32  2:59  Probe x2  
  34  3:11  Probe x2  
  35  3:15  Gateway  
  35  3:23  Probe x2  
  35  3:25  Gateway  
  35  3:34  Shield Battery  
  35  3:36  Assimilator  
  35  3:38  Probe x2  
  35  3:39  Pylon  
  37  3:48  Stalker  
  39  3:50  Probe x2  
  41  3:56  Pylon  
  41  3:59  Dark Shrine  
  42  4:02  Probe  
  42  4:03  Probe  
  42  4:08  Shield Battery  
  43  4:12  Stalker  
  43  4:13  Stalker  
  47  4:17  Probe x2  
  47  4:23  Stalker  
  51  4:25  Pylon  
  51  4:30  Charge  
  51  4:39  Probe x2  
  51  4:42  Robotics Facility  
  51  4:45  Assimilator  
  53  4:46  Pylon  
  53  4:52  Pylon  
  53  4:55  Stalker x2  
  53  4:56  Probe  
  53  4:58  Stalker  
  60  5:14  Shield Battery  
  60  5:17  Nexus  
  60  5:24  Probe x2  
  58  5:29  Shadow Stride (Chrono Boost), Observer (Chrono Boost)  
  57  5:36  Probe x2  
  57  5:42  Forge  
  59  5:48  Probe x2  
  59  5:49  Observer  
  62  5:55  Gateway  
  62  5:57  Gateway  
  62  6:00  Shield Battery  
  62  6:03  Probe  
  63  6:04  Probe  
  64  6:14  Dark Templar x2  
  64  6:15  Dark Templar  
  70  6:20  Protoss Ground Weapons Level 1 (Chrono Boost)  
  70  6:21  Probe x2  
  72  6:29  Gateway  
  71  6:33  Probe x3  
  71  6:38  Immortal (Chrono Boost)  
  74  6:46  Probe x2  
  80  6:47  Probe  
  81  6:54  Sentry x2  
  81  6:55  Zealot  
  81  6:58  Zealot, Sentry  
  81  6:59  Gateway  
  91  7:05  Gateway  
  91  7:06  Gateway  
  91  7:14  Probe x3  
  94  7:16  Assimilator  
  94  7:18  Pylon  
  94  7:20  Pylon  
  94  7:25  Robotics Bay  
  94  7:26  Probe x2  
  94  7:27  Probe  
  93  7:35  Assimilator  
  93  7:36  Photon Cannon  
  93  7:38  Immortal (Chrono Boost), Probe x2  
  93  7:39  Probe  
  100  7:45  Dark Templar  
  100  7:49  Robotics Facility  
  102  8:01  Zealot x6  
  102  8:02  Probe  
  115  8:15  Pylon  
  115  8:19  Extended Thermal Lance (Chrono Boost)  
  113  8:29  Colossus (Chrono Boost)  
  113  8:33  Zealot  
  113  8:34  Zealot x2  
  125  8:37  Nexus, Pylon  
  125  8:38  Pylon  
  125  8:39  Pylon  
  125  8:41  Shield Battery  
  121  8:56  Colossus (Chrono Boost)  
  123  9:05  Zealot x9  
  135  9:11  Observer  
  135  9:15  Shield Battery  
  127  9:31  Colossus (Chrono Boost)  
  124  9:33  Stalker x4  
  124  9:35  Colossus (Chrono Boost)  
  124  9:36  Protoss Ground Weapons Level 2 (Chrono Boost)  
  124  9:48  Zealot x4  
  124  10:02  Sentry x4  
  132  10:07  Zealot  
  132  10:08  Zealot x2, Pylon  
  133  10:15  Stalker x2  
  133  10:16  Disruptor x2 (Chrono Boost)  
  140  10:27  Zealot x4  
  130  10:31  Zealot x2  
  131  10:45  Observer  
  131  10:49  Zealot x6  
  136  10:54  Zealot x2  
  115  11:04  Disruptor x2 (Chrono Boost), Stalker  
  103  11:09  Stalker x2  
  113  11:20  Zealot x3, Sentry x2  
  111  11:28  Stalker x2  
  111  11:30  Probe (Chrono Boost)  
  116  11:37  Probe x2 (Chrono Boost)  
  119  11:42  Probe x2 (Chrono Boost)  
  120  11:47  Probe x2 (Chrono Boost)  
  120  11:48  Disruptor (Chrono Boost)  
  120  11:49  Probe (Chrono Boost)  
  120  11:51  Probe (Chrono Boost)  
  120  11:52  Probe (Chrono Boost)  
  106  12:01  Dark Templar x2  
  106  12:02  Dark Templar  
  106  12:03  Disruptor (Chrono Boost)  
  116  12:09  Stalker x2  
  116  12:16  Disruptor (Chrono Boost)  
  116  12:20  Protoss Ground Weapons Level 3 (Chrono Boost)  
  114  12:31  Disruptor (Chrono Boost)  
  114  12:36  Sentry  
  114  12:37  Zealot x7  
  125  12:42  Probe x3  
  134  12:50  Disruptor (Chrono Boost)  
  134  12:57  Nexus  
  134  12:58  Shield Battery  
  137  13:02  Disruptor (Chrono Boost)  
  140  13:07  Probe x3  
  139  13:25  Disruptor  
  138  13:29  Zealot x8  
  146  13:37  Pylon  
  139  13:48  Disruptor  
  139  13:54  Stalker x7  
  149  13:56  Probe x4  
  149  13:58  Zealot  
  149  14:00  Disruptor  
  158  14:08  Probe  
  150  14:23  Zealot x3, Dark Templar x3  
  150  14:24  Zealot x3  
  164  14:29  Archon  
  168  14:36  Disruptor (Chrono Boost)  
  138  14:55  Stalker x5  
  138  14:56  Zealot x3  
  154  15:00  Probe x5  
  154  15:03  Gateway x2  
  151  15:07  Immortal (Chrono Boost)  
  151  15:09  Immortal (Chrono Boost)  
  159  15:22  Zealot x8, Assimilator x2  
  174  15:39  Observer  
  174  15:41  Observer  
  162  15:45  Nexus  
  162  15:47  Zealot x6  
  149  16:01  Disruptor x2 (Chrono Boost)  
  102  16:12  Dark Templar  
  102  16:13  Zealot x5, Dark Templar x2  
  102  16:17  Dark Templar  
  120  16:18  Zealot  
  121  16:26  Disruptor (Chrono Boost)  
  100  16:41  Stalker  
  100  16:42  Stalker x3  
  100  16:43  Zealot x2  
Tags
 
Add a new tag
Caveats
  • Supply blocks, unpowered buildings, or Contaminate may cause inaccurate times.
  • Supply counts are checked every 10 seconds.